SNL (28 & UNDER)
SANTA FE DIABLOS @ SALEM SILVER SOULS
08/29/2027
 
TOP OF THE 1ST
Santa Fe Diablos batting - Pitching for Salem Silver Souls : RHP Isaac Coleman
Pitching: RHP Isaac Coleman
Batting: LHB David Hernández 0-0: Called Strike
0-1: Foul Ball, location: 2F
0-2: Ball
1-2: Foul Ball, location: 2F
1-2: Ball
2-2: Reached on error, E6 (Groundball, 6)
Batting: RHB John Dinkins 0-0: Called Strike
0-1: Grounds into double play, 1-6-3 (Groundball, 13)
Batting: SHB George Adams 0-0: Called Strike
0-1: Ball
1-1: Foul Ball, location: 2F
1-2: Ball
2-2: Ball
3-2: Foul Ball, location: 2F
3-2: Ground out 4-3 (Groundball, 4S)
Top of the 1st over - 0 run(s), 0 hit(s), 1 error(s), 0 left on base; Santa Fe 0 - Salem 0
BOTTOM OF THE 1ST
Salem Silver Souls batting - Pitching for Santa Fe Diablos : LHP Allen Purss
Pitching: LHP Allen Purss
Batting: LHB Joel Nelson 0-0: Called Strike
0-1: Ground out 5-3 (Groundball, 56S)
Batting: RHB Gabriel Miranda 0-0: Ball
1-0: Ball
2-0: Called Strike
2-1: Ground out 6-3 (Groundball, 6)
Batting: LHB Chance Santry 0-0: Ball
1-0: Ground out 1-3 (Groundball, 13S)
Bottom of the 1st over - 0 run(s), 0 hit(s), 0 error(s), 0 left on base; Santa Fe 0 - Salem 0
TOP OF THE 2ND
Santa Fe Diablos batting - Pitching for Salem Silver Souls : RHP Isaac Coleman
Batting: RHB Henning Huisman 0-0: Called Strike
0-1: Ball
1-1: Called Strike
1-2: Ball
2-2: Strikes out swinging
Batting: LHB Michael Barrett 0-0: Ball
1-0: Called Strike
1-1: Foul Ball, location: 2F
1-2: Ball
2-2: Ball
3-2: Ground out 6-3 (Groundball, 6)
Batting: RHB Lee Price 0-0: Ball
1-0: Swinging Strike
1-1: Ball
2-1: Called Strike
2-2: Ball
3-2: Strikes out looking
Top of the 2nd over - 0 run(s), 0 hit(s), 0 error(s), 0 left on base; Santa Fe 0 - Salem 0
BOTTOM OF THE 2ND
Salem Silver Souls batting - Pitching for Santa Fe Diablos : LHP Allen Purss
Batting: RHB Gustavo Pagán 0-0: Called Strike
0-1: SINGLE (Groundball, 3D)
Batting: RHB Willie Houk 0-0: Ball
1-0: Called Strike
1-1: Ball
2-1: Foul Ball, location: 2F
2-2: 2-RUN HOME RUN (Flyball, 9D), Distance : 394 ft
Batting: RHB Tom Hughes 0-0: Called Strike
0-1: Fly out, F3 (Flyball, 3DF)
Batting: SHB Jesús Sosa 0-0: Ball
1-0: Ball
2-0: Ball
3-0: Base on Balls
Batting: SHB Tony Yan 0-0: Foul Ball, location: 2F
0-1: Ball
1-1: Ball
2-1: Foul Ball, location: 2F
2-2: Ball
3-2: SINGLE (Flyball, 78S)
Jesús Sosa to second
Batting: RHB Jaime Rodríguez 0-0: Grounds into double play, 4-6-3 (Groundball, 4)
Bottom of the 2nd over - 2 run(s), 3 hit(s), 0 error(s), 1 left on base; Santa Fe 0 - Salem 2
TOP OF THE 3RD
Santa Fe Diablos batting - Pitching for Salem Silver Souls : RHP Isaac Coleman
Batting: LHB Juan Torres 0-0: Ball
1-0: Fly out, F8 (Flyball, 78M)
Batting: LHB Javier Martínez 0-0: Swinging Strike
0-1: Called Strike
0-2: Ball
1-2: Ball
2-2: Strikes out swinging
Batting: RHB Chris Deem 0-0: Swinging Strike
0-1: Foul Ball, location: 2F
0-2: Fly out, F4 (Popup, 4D)
Top of the 3rd over - 0 run(s), 0 hit(s), 0 error(s), 0 left on base; Santa Fe 0 - Salem 2
BOTTOM OF THE 3RD
Salem Silver Souls batting - Pitching for Santa Fe Diablos : LHP Allen Purss
Batting: LHB Joel Nelson 0-0: Ball
1-0: Ball
2-0: Ball
3-0: Called Strike
3-1: Base on Balls
Batting: RHB Gabriel Miranda 0-0: Called Strike
0-1: Grounds into double play, 6-4-3 (Groundball, 6)
Batting: LHB Chance Santry 0-0: Foul Ball, location: 2F
0-1: Ball
1-1: Foul Ball, location: 2F
1-2: Ball
2-2: Strikes out swinging
Bottom of the 3rd over - 0 run(s), 0 hit(s), 0 error(s), 0 left on base; Santa Fe 0 - Salem 2
TOP OF THE 4TH
Santa Fe Diablos batting - Pitching for Salem Silver Souls : RHP Isaac Coleman
Batting: LHB David Hernández 0-0: Called Strike
0-1: Ball
1-1: Foul Ball, location: 2F
1-2: Ball
2-2: Strikes out swinging
Batting: RHB John Dinkins 0-0: Ball
1-0: Called Strike
1-1: Ball
2-1: Foul Ball, location: 2F
2-2: Ball
3-2: Strikes out looking
Batting: SHB George Adams 0-0: Ball
1-0: Ball
2-0: Ball
3-0: Base on Balls
Batting: RHB Henning Huisman 0-0: Ball
1-0: Called Strike
1-1: Ball
2-1: Ball
3-1: Fly out, F5 (Line Drive, 56)
Top of the 4th over - 0 run(s), 0 hit(s), 0 error(s), 1 left on base; Santa Fe 0 - Salem 2
BOTTOM OF THE 4TH
Salem Silver Souls batting - Pitching for Santa Fe Diablos : LHP Allen Purss
Batting: RHB Gustavo Pagán 0-0: Foul Ball, location: 2F
0-1: Ball
1-1: Foul Ball, location: 2F
1-2: Strikes out swinging
Batting: RHB Willie Houk 0-0: Foul Ball, location: 2F
0-1: Ground out 1-3 (Groundball, P)
Batting: RHB Tom Hughes 0-0: Ball
1-0: Called Strike
1-1: Foul Ball, location: 2F
1-2: Ball
2-2: Ground out 5-3 (Groundball, 56)
Bottom of the 4th over - 0 run(s), 0 hit(s), 0 error(s), 0 left on base; Santa Fe 0 - Salem 2
TOP OF THE 5TH
Santa Fe Diablos batting - Pitching for Salem Silver Souls : RHP Isaac Coleman
Batting: LHB Michael Barrett 0-0: SINGLE (Line Drive, 6M)
Batting: RHB Lee Price 0-0: Called Strike
0-1: Fly out, F8 (Flyball, 8LD)
Batting: LHB Juan Torres 0-0: SINGLE (Flyball, 78S)
Michael Barrett to second
Batting: LHB Javier Martínez 0-0: Foul Ball, location: 2F
0-1: Foul Ball, location: 2F
0-2: Ball
1-2: Ball
2-2: SINGLE (Groundball, 34S) (infield hit)
Michael Barrett to third
Juan Torres to second
Batting: RHB Chris Deem 0-0: Ball
1-0: Ball
2-0: Ball
3-0: Called Strike
3-1: Base on Balls
Michael Barrett scores
Juan Torres to third
Javier Martínez to second
Batting: LHB David Hernández 0-0: Ball
1-0: Foul Ball, location: 2F
1-1: Foul Ball, location: 2F
1-2: Fly out, F7 (Flyball, 78M)
Runner from 3rd tags up, SCORES, throw made
Now in LF: Ezechiele Bruno
Batting: RHB John Dinkins 0-0: Ball
1-0: Ball
2-0: SINGLE (Line Drive, 56)
Javier Martínez to third
Chris Deem to second
Runner from 3rd tries for Home, SAFE, throw made at trailing runner, SAFE at third!
Pitching: RHP Pat Wyatt
Batting: SHB George Adams 0-0: Fly out, F9 (Line Drive, 9)
Top of the 5th over - 3 run(s), 4 hit(s), 0 error(s), 2 left on base; Santa Fe 3 - Salem 2
BOTTOM OF THE 5TH
Salem Silver Souls batting - Pitching for Santa Fe Diablos : LHP Allen Purss
Batting: LHB Ezechiele Bruno 0-0: Called Strike
0-1: Ball
1-1: Ball
2-1: Swinging Strike
2-2: Ground out 3-1 (Groundball, 34)
Batting: SHB Tony Yan 0-0: Swinging Strike
0-1: Swinging Strike
0-2: Strikes out swinging
Batting: RHB Jaime Rodríguez 0-0: Called Strike
0-1: Foul Ball, location: 2F
0-2: Strikes out swinging
Bottom of the 5th over - 0 run(s), 0 hit(s), 0 error(s), 0 left on base; Santa Fe 3 - Salem 2
TOP OF THE 6TH
Santa Fe Diablos batting - Pitching for Salem Silver Souls : RHP Pat Wyatt
Batting: RHB Henning Huisman 0-0: Called Strike
0-1: Foul Ball, location: 2F
0-2: Ball
1-2: SINGLE (Flyball, 8LS)
Batting: LHB Michael Barrett 0-0: Called Strike
Henning Huisman steals 2nd base
0-1: Called Strike
0-2: Foul Ball, location: 2F
0-2: Ball
1-2: Foul Ball, location: 2F
1-2: Foul Ball, location: 2F
1-2: Foul Ball, location: 2F
1-2: Foul Ball, location: 2F
1-2: Ball
2-2: Fly out, F8 (Flyball, 78S)
Batting: RHB Lee Price 0-0: Called Strike
0-1: Ball
Henning Huisman is caught stealing 3rd base
1-1: Ball
2-1: Foul Ball, location: 2F
2-2: Foul Ball, location: 2F
2-2: Ball
3-2: Foul Ball, location: 2F
3-2: Strikes out swinging
Top of the 6th over - 0 run(s), 1 hit(s), 0 error(s), 0 left on base; Santa Fe 3 - Salem 2
BOTTOM OF THE 6TH
Salem Silver Souls batting - Pitching for Santa Fe Diablos : LHP Allen Purss
Batting: LHB Joel Nelson 0-0: Called Strike
0-1: Fly out, F8 (Flyball, 8LM)
Batting: RHB Gabriel Miranda 0-0: Called Strike
0-1: Ball
1-1: Called Strike
1-2: Strikes out swinging
Batting: LHB Chance Santry 0-0: Ball
1-0: Called Strike
1-1: Called Strike
1-2: Ball
2-2: Ball
3-2: Fly out, F5 (Popup, 5)
Bottom of the 6th over - 0 run(s), 0 hit(s), 0 error(s), 0 left on base; Santa Fe 3 - Salem 2
TOP OF THE 7TH
Santa Fe Diablos batting - Pitching for Salem Silver Souls : RHP Pat Wyatt
Batting: LHB Juan Torres 0-0: Ball
1-0: Foul Ball, location: 2F
1-1: Ball
2-1: Ball
3-1: Called Strike
3-2: Strikes out looking
Batting: LHB Javier Martínez 0-0: Called Strike
0-1: Ground out 4-3 (Groundball, 4M)
Batting: RHB Chris Deem 0-0: Swinging Strike
0-1: Called Strike
0-2: Ball
1-2: Strikes out swinging
Top of the 7th over - 0 run(s), 0 hit(s), 0 error(s), 0 left on base; Santa Fe 3 - Salem 2
BOTTOM OF THE 7TH
Salem Silver Souls batting - Pitching for Santa Fe Diablos : LHP Allen Purss
Batting: RHB Gustavo Pagán 0-0: Swinging Strike
0-1: Ball
1-1: Swinging Strike
1-2: Strikes out swinging
Batting: RHB Willie Houk 0-0: Ball
1-0: Swinging Strike
1-1: Foul Ball, location: 2F
1-2: Ball
2-2: Ball
3-2: Base on Balls
Pinch Hitting: RHB Jim Villiers 0-0: Ball
1-0: Called Strike
1-1: Ball
2-1: Foul Ball, location: 2F
2-2: Ball
3-2: Strikes out looking
Batting: LHB Ezechiele Bruno 0-0: Foul Ball, location: 2F
0-1: Foul Ball, location: 2F
0-2: Strikes out swinging
Bottom of the 7th over - 0 run(s), 0 hit(s), 0 error(s), 1 left on base; Santa Fe 3 - Salem 2
TOP OF THE 8TH
Santa Fe Diablos batting - Pitching for Salem Silver Souls : RHP Pat Wyatt
Now at 2B: Adam Thomas
Batting: LHB David Hernández 0-0: Ball
1-0: Called Strike
1-1: Foul Ball, location: 2F
1-2: Ground out U3 (Groundball, 3S)
Batting: RHB John Dinkins 0-0: Swinging Strike
0-1: Called Strike
0-2: Ball
1-2: Foul Ball, location: 2F
1-2: Fly out, F2 (Popup, 34S)
Batting: SHB George Adams 0-0: Ball
1-0: Ball
2-0: Ball
3-0: Called Strike
3-1: Swinging Strike
3-2: Base on Balls
Pinch Hitting: LHB Ricardo Ruíz 0-0: Ball
1-0: Ball
2-0: Foul Ball, location: 2F
2-1: Swinging Strike
2-2: Strikes out swinging
Top of the 8th over - 0 run(s), 0 hit(s), 0 error(s), 1 left on base; Santa Fe 3 - Salem 2
BOTTOM OF THE 8TH
Salem Silver Souls batting - Pitching for Santa Fe Diablos : LHP Allen Purss
Pitching: RHP Manuel Zarate
Now in CF: Tim Adkins
Batting: SHB Tony Yan 0-0: Ball
1-0: Called Strike
1-1: Called Strike
1-2: Ground out 4-3 (Groundball, 4)
Batting: RHB Jaime Rodríguez 0-0: Foul Ball, location: 2F
0-1: Foul Ball, location: 2F
0-2: Ball
1-2: Foul Ball, location: 2F
1-2: Ball
2-2: Ball
3-2: Foul Ball, location: 2F
3-2: Fly out, F8 (Flyball, 8LM)
Pitching: LHP Daniel Draper
Batting: LHB Joel Nelson 0-0: Ball
1-0: Ball
2-0: Ball
3-0: Called Strike
3-1: Ground out 3-1 (Groundball, 34)
Bottom of the 8th over - 0 run(s), 0 hit(s), 0 error(s), 0 left on base; Santa Fe 3 - Salem 2
TOP OF THE 9TH
Santa Fe Diablos batting - Pitching for Salem Silver Souls : RHP Pat Wyatt
Pitching: RHP Taylor Bowen
Batting: LHB Michael Barrett 0-0: Ball
1-0: Ground out 4-3 (Groundball, 4)
Batting: RHB Lee Price 0-0: Swinging Strike
0-1: Foul Ball, location: 2F
0-2: Strikes out swinging
Batting: LHB Juan Torres 0-0: Ball
1-0: Ball
2-0: Called Strike
2-1: Ball
3-1: Base on Balls
Pinch Hitting: SHB Tex White 0-0: Foul Ball, location: 2F
0-1: DOUBLE (Line Drive, 7LM)
Juan Torres to third
Runner from 3rd tries for Home, SAFE, no throw
Batting: RHB Chris Deem 0-0: Ball
1-0: Ground out 1-3 (Groundball, 13)
Top of the 9th over - 1 run(s), 1 hit(s), 0 error(s), 1 left on base; Santa Fe 4 - Salem 2
BOTTOM OF THE 9TH
Salem Silver Souls batting - Pitching for Santa Fe Diablos : LHP Daniel Draper
Pitching: RHP David Sheppard
Now at C: Scott Compton
Batting: RHB Gabriel Miranda 0-0: Foul Ball, location: 2F
0-1: Ball
1-1: Swinging Strike
1-2: Ground out 5-3 (Groundball, 56S)
Batting: LHB Chance Santry 0-0: Ball
1-0: Fly out, F8 (Flyball, 8RD)
Batting: RHB Gustavo Pagán 0-0: Ball
1-0: SINGLE (Line Drive, 6MD)
Pinch Hitting: LHB Hamilton Hughes 0-0: Ball
1-0: 2-RUN HOME RUN (Flyball, 9D), Distance : 380 ft
Pinch Hitting: SHB Dawson Fowler 0-0: Ball
1-0: Ball
2-0: Foul Ball, location: 2F
2-1: DOUBLE (Flyball, 9LM)
Batting: LHB Ezechiele Bruno 0-0: Called Strike
0-1: Swinging Strike
0-2: Strikes out looking
Bottom of the 9th over - 2 run(s), 3 hit(s), 0 error(s), 1 left on base; Santa Fe 4 - Salem 4
TOP OF THE 10TH
Santa Fe Diablos batting - Pitching for Salem Silver Souls : RHP Taylor Bowen
Now at 1B: Hamilton Hughes
Now at 2B: Augusto Baiano
Batting: LHB David Hernández 0-0: Ball
1-0: Ball
2-0: Called Strike
2-1: Ball
3-1: Reached on error, E7 (Flyball, 7)
Batting: RHB John Dinkins 0-0: Called Strike
0-1: Ball
1-1: Called Strike
1-2: Ball
2-2: Ball
3-2: 2-RUN HOME RUN (Flyball, 9D), Distance : 395 ft
Pitching: RHP Ramón Marerro
Batting: SHB George Adams 0-0: Called Strike
0-1: Ball
1-1: Ball
2-1: Swinging Strike
2-2: SOLO HOME RUN (Flyball, 89XD), Distance : 426 ft
Batting: RHB Tim Adkins 0-0: Foul Ball, location: 2F
0-1: Swinging Strike
0-2: Hit by Pitch
Batting: LHB Michael Barrett 0-0: Ball
1-0: Called Strike
1-1: Foul Ball, location: 2F
1-2: Strikes out swinging
Batting: RHB Lee Price 0-0: Called Strike
Tim Adkins steals 2nd base
0-1: Foul Ball, location: 2F
0-2: Ball
1-2: Ball
2-2: Strikes out swinging
Batting: LHB Juan Torres 0-0: Ball
1-0: Ball
Wild Pitch!
Tim Adkins to third
2-0: Called Strike
2-1: Foul Ball, location: 2F
2-2: Foul Ball, location: 2F
2-2: Ball
3-2: Strikes out swinging
Top of the 10th over - 3 run(s), 2 hit(s), 1 error(s), 1 left on base; Santa Fe 7 - Salem 4
BOTTOM OF THE 10TH
Salem Silver Souls batting - Pitching for Santa Fe Diablos : RHP David Sheppard
Batting: SHB Tony Yan 0-0: Called Strike
0-1: Swinging Strike
0-2: Foul Ball, location: 2F
0-2: Ball
1-2: Strikes out swinging
Batting: RHB Jaime Rodríguez 0-0: Called Strike
0-1: Foul Ball, location: 2F
0-2: Ball
1-2: Ground out 5-3 (Groundball, 56)
Batting: LHB Joel Nelson 0-0: Ball
1-0: Ground out 5-3 (Groundball, 56)
Bottom of the 10th over - 0 run(s), 0 hit(s), 0 error(s), 0 left on base; Santa Fe 7 - Salem 4
Thursday, March 30th, 2017 - OOTP Baseball 17.12 Build 75